 Dungeon Crawl Stone Soup version 0.27-a0-1347-gd8886f0a89 (webtiles) character file.

Game seed: 2942817639024096619

34 Sabo the Chopper (level 3, -8/33 HPs)
             Began as a Minotaur Monk on June 27, 2021.
             Was a Priest of Qazlal.
             Mangled by an ogre (15 damage)
             ... on level 2 of the Dungeon.
             The game lasted 00:08:28 (1737 turns).

Sabo the Chopper (Minotaur Monk)                    Turns: 1737, Time: 00:08:28

Health: -8/33      AC: 11    Str: 15    XL:     3   Next: 14%
Magic:  2/2        EV:  7    Int:  8    God:    Qazlal [***...]
Gold:   59         SH:  3    Dex: 12    Spells: 2/2 levels left

rFire    . . .     SeeInvis .   a - +0 hand axe
rCold    . . .     Faith    .   (no shield)
rNeg     . . .     Spirit   .   c - +0 chain mail
rPois    .         Reflect  .   (helmet restricted)
rElec    .         Harm     .   d - +2 cloak
rCorr    .         Rampage  .   (no gloves)
Will     .....                  (no boots)
Stlth    ..........             (no amulet)
HPRegen  0.11/turn              (no ring)
MPRegen  0.08/turn              (no ring)

@: no status effects
A: horns 2, retaliatory headbutt
a: Renounce Religion, Upheaval, Elemental Force


You were on level 2 of the Dungeon.
You worshipped Qazlal.
Qazlal was most pleased with you.
You visited 1 branch of the dungeon, and saw 2 of its levels.

You collected 59 gold pieces.

Inventory:

Hand Weapons
 a - a +0 hand axe (weapon)
 b - a +1 dagger of freezing
Missiles
 f - 17 poisoned darts (quivered)
Armour
 c - a +0 chain mail (worn)
 d - a +2 cloak (worn)
Scrolls
 e - a scroll of identify {unknown}
 h - 2 scrolls of magic mapping {unknown}
Potions
 g - a potion of heal wounds {unknown}


   Skills:
 + Level 4.0 Fighting
 + Level 4.4 Axes
 + Level 1.0 Armour
 + Level 3.5 Dodging
 + Level 1.6 Stealth


You had 2 spell levels left.
You didn't know any spells.
Your spell library was empty.

Dungeon Overview and Level Annotations

Branches:
Dungeon (2/15)

Altars:
Qazlal
Xom


Innate Abilities, Weirdness & Mutations

You have a pair of horns on your head.
You reflexively headbutt those who attack you in melee.


Message History

You barely miss the kobold. You headbutt the kobold.
You kill the kobold!
Qazlal accepts your kill.
A kobold comes into view. It is wielding a +0 whip.
The kobold throws a stone.
The stone hits you but does no damage.
Your Armour skill increases to level 1!
The kobold hits you but does no damage.
Things that are here:
a +0 short sword; a kobold corpse You hit the kobold but do no damage.
The kobold closely misses you.
You closely miss the kobold.
The kobold is engulfed in blazing flames.
You kill the kobold!
Qazlal accepts your kill.
Things that are here:
a +0 whip; 3 stones
Things that are here:
a +0 whip; 3 stones
Found a shimmering altar of Xom.
There is a shimmering altar of Xom here.
An ogre comes into view. It is wielding a +0 giant club.
The ogre hits you with a +0 giant club!!
Ouch! That really hurt!
* * * LOW HITPOINT WARNING * * *
You hit the ogre.
The ogre is lightly wounded.
The ogre closely misses you. You furiously retaliate!
You headbutt the ogre, but do no damage.
You hit the ogre but do no damage. Your headbutt misses the ogre.
The ogre is lightly wounded.
The ogre barely misses you.
You hit the ogre.
The ogre is heavily wounded.
You block the ogre's attack.
You barely miss the ogre.
The ogre is heavily wounded.
You hit the ogre.
The ogre is heavily wounded.
The ogre hits you with a +0 giant club!
You die...

#.##.#####
#.#...#..
#.......#
.......
..... ...
#O# #@#
#.# #.#
#.# #.#
#.## #..#
##.# #.#


You could see an ogre.

Vanquished Creatures
  5 bats
  2 endoplasms
  A giant cockroach (D:1)
  A goblin (D:1)
  3 hobgoblins
  4 quokkas
  4 ball pythons
  A frilled lizard (D:2)
  5 kobolds
  4 rats
30 creatures vanquished.

Notes
Turn   | Place    | Note
-------+----------+-------------------------------------------
     0 | D:1      | Sabo the Minotaur Monk began the quest for the Orb.
     0 | D:1      | Reached XP level 1. HP: 19/19 MP: 0/0
   215 | D:1      | Reached XP level 2. HP: 11/27 MP: 1/1
   625 | D:1      | Found a faded altar of an unknown god.
   630 | D:1      | Became a worshipper of Qazlal Stormbringer
   630 | D:1      | Reached * piety under Qazlal
   630 | D:1      | Reached ** piety under Qazlal
  1577 | D:2      | Reached XP level 3. HP: 30/33 MP: 2/2
  1579 | D:2      | Reached *** piety under Qazlal
  1670 | D:2      | Reached skill level 1 in Armour
  1684 | D:2      | Found a shimmering altar of Xom.
  1730 | D:2      | Noticed an ogre
  1737 | D:2      | Mangled by an ogre

Illustrated notes

Levels and vault maps discovered:
D:1:      minmay_arrival_shoal_huts, layout_loops_ring,
          shapermc_ecumenical_altar_venn
D:2:      layout_loops_ring, serial_shops, nicolae_shop_window_shopping,
          basic_altar, minmay_quantized

Skill      XL: |  1  2  3 |
---------------+----------+-----
Axes           | 4 |  4.4
Fighting       | 4 |  4.0
Armour         | 1 |  1.0
Dodging        | |  3.5
Stealth        | |  1.6

Action                   || total
-------------------------++-------
Melee: Hand axe          ||    75
       Headbutt          ||    11
Armor: Chain mail        ||    41
Dodge: Dodged            ||    33
Block: Other             ||     7

Table legend: (Time is in decaauts)
 A = Elapsed time spent in this place.
 B = Non-inter-level travel time spent in this place.
 C = Inter-level travel time spent in this place.
 D = Time resting spent in this place.
 E = Time spent auto-exploring this place.
 F = Levels seen in this place.
 G = Mean time per level.
                   A        B        C        D        E       F      G
               +--------+--------+--------+--------+--------+-----+--------+
         Total |   1771 |   1771 |      0 |    260 |      0 |   2 |  885.5 |
       Dungeon |   1771 |   1771 |      0 |    260 |      0 |   2 |  885.5 |
               +--------+--------+--------+--------+--------+-----+--------+

Top non-repeatable levels by time:
     D:1: 1320 daAuts
     D:2: 450 daAuts
